 Dungeon Crawl Stone Soup version 0.18-a0-1778-gadce9fa (webtiles) character file.

257 Zhenya25pyc the Skirmisher (level 6, -5/40 HPs)
             Began as a Gargoyle Fighter on Apr 16, 2016.
             Killed by nerve-wracking pain
             ... invoked by an orc priest
              (8 damage)
             ... on level 4 of the Dungeon.
             The game lasted 00:06:21 (2905 turns).

Zhenya25pyc the Skirmisher (Gargoyle Fighter)       Turns: 2905, Time: 00:06:22

Health: -5/40      AC: 22    Str: 22    XL:     6   Next: 16%
Magic:  6/6        EV:  4    Int:  8    God:
Gold:   217        SH:  9    Dex:  9    Spells: 0 memorised, 5 levels left

rFire  . . .     SeeInvis .     A - +1 flail (protect)
rCold  . . .     Gourm    .     n - +0 plate armour
rNeg   + . .     Faith    .     c - +0 shield
rPois  ∞         Spirit   .     (no helmet)
rElec  +         Dismiss  .     (no cloak)
rCorr  .         Reflect  .     j - +0 pair of gloves (curse)
SustAt .         Harm     .     (no boots)
MR     .....                    (no amulet)
Stlth  ..........               (no ring)
                                (no ring)

@: not resistant to hostile enchantments, extremely unstealthy
A: negative energy resistance 1, electricity resistance, unbreathing,
petrification resistance, rot immunity, AC +4
a: no special abilities


You were on level 4 of the Dungeon.
You were not hungry.

You visited 1 branch of the dungeon, and saw 4 of its levels.

You collected 217 gold pieces.

Inventory:

Hand Weapons
 A - a +1 flail of protection (weapon)
Armour
 c - a +0 shield (worn)
 j - a cursed +0 pair of gloves (worn)
 n - a +0 plate armour (worn)
Wands
 a - a wand of acid (9/15)
Scrolls
 b - 3 scrolls of teleportation {unknown}
 h - 3 scrolls of identify {unknown}
 i - 2 scrolls of random uselessness {unknown}
 k - 2 scrolls of noise {unknown}
 l - 2 scrolls of remove curse {unknown}
 q - a scroll of recharging {unknown}
 r - a scroll of magic mapping {unknown}
 s - a scroll of immolation {unknown}
 t - 3 scrolls of enchant armour {unknown}
 v - a scroll of fear {unknown}
 y - a scroll of amnesia {unknown}
Potions
 d - a potion of might
 e - 2 potions of degeneration {unknown}
 g - 2 potions of haste {unknown}
 m - a potion of heal wounds {unknown}
 o - 2 potions of flight {unknown}
 p - a potion of mutation {unknown}
 u - 2 potions of curing {unknown}
 w - a potion of agility {unknown}
Comestibles
 f - 3 bread rations
 z - a fruit


   Skills:
 + Level 4.9 Fighting
 * Level 4.5 Maces & Flails
 + Level 4.3 Armour
 - Level 3.2 Shields


You had 5 spell levels left.
You didn't know any spells.

Dungeon Overview and Level Annotations

Branches:
Dungeon (4/15)
 Temple: D:4-7

Altars:
Cheibriados
Nemelex Xobeh
Trog
Beogh


Innate Abilities, Weirdness & Mutations

You are resistant to torment.
Your stone body is resilient (AC +4).
You are immune to poison.
You resist negative energy.
You are resistant to electric shocks.
You can survive without breathing.
You are immune to petrification.
You are immune to rotting.


Message History

The orc priest is severely wounded.
The orc priest hits you but does no damage.
The orc priest invokes the aid of Beogh against you.
Beogh smites you!
* * * LOW HITPOINT WARNING * * *
Your shield and plate armour prevent you from hitting the orc priest.
The orc priest is severely wounded.
The orc priest casts a cantrip, but nothing happens.
The orc priest hits you but does no damage.
You block the orc priest's attack.
You closely miss the orc priest.
The orc priest is severely wounded.
The orc priest hits you but does no damage.
The orc priest barely misses you.
You closely miss the orc priest.
The orc priest is severely wounded.
The orc priest hits you but does no damage. x2
The orc priest calls down the wrath of Beogh upon you.
Pain shoots through your body!
You die...

+............'
######............#
##$_.##..#........##
#$8$8$#.##.....##.#
#$...$#........##.#
.8.8.#####....##.. ##### .o.
#........#####
.#....##o###.######.#
.#.##..o@#.#.######.#####
...+.................†..
#..#....#.#.######.#####
#..#....#.#........#####
#..#....#.#.#####..##...
#..#....#.#.# #.......
#.......#.#.# ##.#....
#+######.#.#####+#+######......
.......))..####........#####...


You could see 2 orc priests and an orc.

Vanquished Creatures
  An orc priest (D:3)
  2 orc wizards (D:3)
  3 gnolls (D:4)
  3 adders
  An adder skeleton (D:4)
  4 worms (D:2)
  A giant gecko (D:2)
  19 orcs
  6 bats
  6 giant cockroaches
  6 goblins
  6 hobgoblins
  8 kobolds
  A quokka (D:2)
  2 ball pythons (D:3)
  8 giant newts
  A jackal skeleton (D:3)
  9 rats
87 creatures vanquished.

Notes
Turn   | Place    | Note
--------------------------------------------------------------
     0 | D:1      | Zhenya25pyc the Gargoyle Fighter began the quest for the Orb.
     0 | D:1      | Reached XP level 1. HP: 14/14 MP: 1/1
    66 | D:1      | Reached XP level 2. HP: 19/19 MP: 2/2
   767 | D:1      | Reached XP level 3. HP: 22/23 MP: 3/3
   945 | D:2      | Found a sparkling altar of Nemelex Xobeh.
  1189 | D:2      | Reached XP level 4. HP: 26/29 MP: 4/4
  1663 | D:3      | Found a snail-covered altar of Cheibriados.
  1663 | D:3      | Found a bloodstained altar of Trog.
  1749 | D:3      | Reached XP level 5. HP: 27/34 MP: 5/5
  2600 | D:4      | Reached XP level 6. HP: 25/40 MP: 6/6
  2890 | D:4      | Found a roughly hewn altar of Beogh.
  2902 | D:4      | HP: 2/40 [orc priest/divine providence (8)]
  2905 | D:4      | Killed from afar by an orc priest

Vault maps used:
D:1:      sevenhm_arrival_forest_fort_small_3
D:2:      nemelex_xobeh_ov_fountains_minmay, moated_statue
D:3:      gammafunk_temple_overflow_wave
D:4:      minmay_temple_entry_statues, kennysheep_orc_chapel

Skill      XL: |  1  2  3  4  5 |
---------------+----------------+-----
Maces & Flails | 3 4 |  4.5
Fighting       | 4 |  4.9
Armour         | 4 |  4.3
Shields        | |  3.2

Action                   |  1- 3 |  4- 6 || total
-------------------------+-------+-------++-------
Melee: Flail             |   154 |   270 ||   424
  Eat: Chunk             |     1 |     6 ||     7
Armor: Scale mail        |    89 |    17 ||   106
       Plate armour      |       |   253 ||   253
Dodge: Dodged            |    53 |    40 ||    93
Block: Shield            |    74 |   137 ||   211
